 Dungeon Crawl Stone Soup version 0.23-a0-419-g0174fd8 (webtiles) character file.

18277 Inarius the Cleaver (level 12, -5/103 HPs)
             Began as a Ghoul Fighter on Nov 12, 2018.
             Was the Champion of Okawaru.
             Slain by Urug
             ... wielding a +0 eveningstar of draining
              (19 damage)
             ... on level 1 of the Lair of Beasts on Nov 13, 2018.
             The game lasted 00:37:35 (14753 turns).

Inarius the Cleaver (Ghoul Fighter)                Turns: 14753, Time: 00:37:36

Health: -5/103     AC: 16    Str: 26    XL:     12   Next: 56%
Magic:  11/11      EV:  7    Int:  7    God:    Okawaru [******]
Gold:   437        SH: 11    Dex:  8    Spells: 11/11 levels left

rFire    . . .     SeeInvis .   M - +2 war axe (freeze)
rCold    + . .     Gourm    .   c - +0 shield
rNeg     + + +     Faith    .   L - +0 plate armour
rPois    ∞         Spirit   .   (no helmet)
rElec    .         Reflect  .   z - +0 cloak
rCorr    .         Harm     .   (no gloves)
MR       .....                  K - +0 pair of boots {run}
Stlth    ..........             (no amulet)
HPRegen  0.00/turn              (no ring)
MPRegen  0.12/turn              (no ring)

@: mighty, rotting, quick
A: rotting body, claws 1, carnivore, cold resistance 1, negative energy
resistance 3, inhibited regeneration, torment resistance, unbreathing
a: Heroism, Finesse, Renounce Religion


You were on level 1 of the Lair of Beasts.
You worshipped Okawaru.
Okawaru was exalted by your worship.
You were not hungry.

You visited 3 branches of the dungeon, and saw 14 of its levels.
You also visited: Sewer and Ossuary.

You collected 634 gold pieces.
You spent 197 gold pieces at shops.

Inventory:

Hand Weapons
 E - a +2 mace of freezing
 M - a +2 war axe of freezing (weapon)
Missiles
 t - 2 silver javelins (quivered)
 J - 6 javelins
Armour
 c - a +0 shield (worn)
 z - a +0 cloak (worn)
 K - a +0 pair of boots of running (worn)
 L - a +0 plate armour (worn)
Wands
 j - a wand of polymorph (8)
 o - a wand of iceblast (4)
 v - a wand of flame (35)
 B - a wand of digging (13)
 F - a wand of disintegration (9)
 H - a wand of paralysis (7)
 I - a wand of acid (9)
Scrolls
 b - 2 scrolls of immolation
 l - a scroll of fear
 m - 6 scrolls of fog
 n - 3 scrolls of magic mapping
 q - 9 scrolls of teleportation
 r - 2 scrolls of enchant armour
 s - 6 scrolls of remove curse
 u - 7 scrolls of amnesia
 w - 10 scrolls of identify
 y - a scroll of noise
 D - a scroll of blinking
 G - a scroll of vulnerability
Potions
 d - 2 potions of might
 e - a potion of magic
 g - 4 potions of haste
 h - 3 potions of flight
 i - 2 potions of agility
 k - 3 potions of cancellation
 p - a potion of heal wounds
 x - 4 potions of curing
 A - 4 potions of brilliance
 C - 2 potions of invisibility
 N - a potion of degeneration {unknown}
Comestibles
 f - 21 rations


   Skills:
 + Level 8.7 Fighting
 * Level 13.3 Axes
 - Level 2.0(9.0) Maces & Flails
 + Level 0.8 Throwing
 + Level 7.9 Armour
 + Level 2.7 Dodging
 + Level 0.3 Stealth
 + Level 7.8 Shields


You had 11 spell levels left.
You didn't know any spells.
Your spell library contained the following spells:

 Spells                   Type           Power        Failure   Level  Hunger
 Apportation              Tloc           #.....       100%        1    ##.....
 Corona                   Hex            #......      100%        1    ##.....
 Magic Dart               Conj           #...         100%        1    ##.....
 Summon Butterflies       Summ           #.......     100%        1    ##.....
 Blink                    Tloc           N/A          100%        2    ###....
 Call Imp                 Summ           #.......     100%        2    ###....
 Ensorcelled Hibernation  Hex/Ice        #.....       100%        2    ###....
 Slow                     Hex            #.......     100%        2    ###....
 Confuse                  Hex            #.......     100%        3    ####...
 Conjure Flame            Conj/Fire      #.......     100%        3    ####...
 Dazzling Spray           Conj/Hex       #.....       100%        3    ####...
 Lesser Beckoning         Tloc           #.........   100%        3    ####...
 Mephitic Cloud           Conj/Pois/Air  #.......     100%        3    ####...
 Tukima's Dance           Hex            #.......     100%        3    ####...
 Alistair's Intoxication  Tmut/Pois      #.......     100%        5    ######.
 Invisibility             Hex            #.......     100%        6    #######


Dungeon Overview and Level Annotations

Branches:
Dungeon (12/15)            Temple (1/1) D:6            Lair (1/6) D:10
    Orc (0/2) D:9

Altars:
Elyvilon
Kikubaaqudgha
Okawaru
Trog
Uskayaw
Vehumet
Wu Jian
Yredelemnul
The Shining One

Shops:
D:5 ?   D:7 !   D:8 =   D:10 :

Annotations:
Lair:1 Urug


Innate Abilities, Weirdness & Mutations

Your body is rotting away.
You thrive on raw meat.
You are immune to poison.
You have sharp fingernails.
You are carnivorous and can eat meat at any time.
Your flesh is cold resistant. (rC+)
You are immune to negative energy. (rN+++)
You do not regenerate when monsters are visible.
You are immune to unholy pain and torment.
You can survive without breathing.


Message History

Okay, then.
Unknown command.
You feel very mighty all of a sudden.
Urug hits you with a +0 eveningstar of draining!
* * * LOW HITPOINT WARNING * * *
You slash Urug! You freeze Urug.
Urug is almost dead.
You hit the plant. You freeze the plant. Urug barely misses you.
Your plate armour prevents you from hitting Urug.
Urug is almost dead.
You slash the plant! You freeze the plant.
You destroy the plant!
You closely miss Urug.
Urug is almost dead.
Urug barely misses you.
You barely miss Urug.
Urug is almost dead.
Urug screams, "Die, harpy!"
Urug hits you with a +0 eveningstar of draining!!
You die...

.....#........
...#....####..#.
...#............
...#............ .#
...#............
...#####.. #............
#....... #............
.#.##...####............
......†@((.(............
###.#Po########.##.#####
### ######


You could see Urug.

Vanquished Creatures
  2 hydras
  Erica (Lair:1)
  A deep elf mage (D:12)
  A cyclops (shapeshifter) (D:12)
  An ugly thing (D:12)
  3 cyclopes
  Psyche (D:9)
  2 spiny frogs (Lair:1)
  A troll (D:11)
  Grinder (D:4)
  A hornet (D:9)
  2 hippogriffs
  A shadow (D:12)
  A vampire (D:10)
  Sigmund (D:4)
  A wraith (D:11)
  21 yaks
  2 wyverns
  An acid dragon (D:12)
  2 wargs (D:10)
  A water moccasin (D:6)
  A porcupine (Lair:1)
  3 ice beasts
  A black bear (D:11)
  6 orc warriors
  2 sky beasts
  5 ogres
  An eye of draining (D:9)
  11 centaurs
  2 crocodiles (Lair:1)
  5 big kobolds
  An elf zombie (D:11)
  8 bullfrogs
  An elf skeleton (D:11)
  4 scorpions
  13 killer bees
  13 wights
  2 howler monkeys (D:10)
  5 crimson imps
  A bullfrog zombie (D:5)
  2 centaur zombies
  A quasit (D:8)
  10 orc priests
  6 hounds
  4 jellies
  4 human zombies (D:11)
  4 centaur skeletons
  A human skeleton (D:11)
  12 orc wizards
  An iguana (D:10)
  Ijyb (D:5)
  Terence (D:3)
  9 worker ants
  A hound skeleton (D:10)
  3 mummies
  A worker ant zombie (D:5)
  A howler monkey skeleton (D:5)
  20 adders
  A river rat (D:5)
  A shadow imp (D:6)
  2 oozes
  An adder skeleton (D:4)
  2 adder zombies
  3 worms
  2 dart slugs (D:1)
  6 leopard geckos
  46 orcs
  8 giant cockroaches
  4 gnoll zombies (Ossuary)
  4 goblins
  6 hobgoblins
  15 jackals
  5 quokkas
  5 ball pythons
  16 bats
  5 frilled lizards
  3 gnoll skeletons (Ossuary)
  A goblin skeleton (Ossuary)
  3 goblin zombies (Ossuary)
  2 hobgoblin skeletons (Ossuary)
  4 hobgoblin zombies (Ossuary)
  31 kobolds
  2 kobold skeletons (Ossuary)
  2 kobold zombies (Ossuary)
  2 orc skeletons (Ossuary)
  5 orc zombies
  12 rats
  4 rat skeletons (Ossuary)
  3 rat zombies (Ossuary)
  A fungus (Lair:1)
  A plant (Lair:1)
423 creatures vanquished.

Vanquished Creatures (others)
  Menkaure (Ossuary)
  A mummy (Ossuary)
  2 gnoll skeletons (Ossuary)
  A goblin skeleton (Ossuary)
  A goblin zombie (Ossuary)
  2 hobgoblin skeletons (Ossuary)
  A hobgoblin zombie (Ossuary)
  3 kobold skeletons (Ossuary)
  A kobold zombie (Ossuary)
  2 orc skeletons (Ossuary)
  A rat skeleton (Ossuary)
  2 rat zombies (Ossuary)
18 creatures vanquished.

Grand Total: 441 creatures vanquished

Notes
Turn   | Place    | Note
-------+----------+-------------------------------------------
     0 | D:1      | Inarius the Ghoul Fighter began the quest for the Orb.
     0 | D:1      | Reached XP level 1. HP: 19/19 MP: 0/0
    84 | D:1      | Reached XP level 2. HP: 23/26 MP: 1/1
   279 | D:1      | Reached skill level 2 in Axes
   447 | D:1      | Reached XP level 3. HP: 28/31 MP: 2/2
  1545 | D:2      | Reached XP level 4. HP: 29/38 MP: 3/3
  1671 | D:3      | Noticed Terence
  1686 | D:3      | Killed Terence
  1686 | D:3      | Reached skill level 3 in Axes
  1941 | D:3      | Reached XP level 5. HP: 31/46 MP: 4/4
  2007 | D:3      | Found a faded altar of an unknown god.
  2319 | D:4      | Reached skill level 4 in Axes
  2375 | D:4      | Found a sand-covered staircase.
  2380 | Ossuary  | Entered an ossuary
  2515 | Ossuary  | Killed Menkaure
  2560 | Ossuary  | Reached XP level 6. HP: 48/52 MP: 5/5
  2885 | D:4      | Noticed Grinder
  2885 | D:4      | Paralysed by Grinder for 7 turns
  2894 | D:4      | Paralysed by Grinder for 3 turns
  2908 | D:4      | Killed Grinder
  2908 | D:4      | Reached skill level 5 in Axes
  2908 | D:4      | Reached XP level 7. HP: 31/58 MP: 6/6
  2921 | D:4      | Noticed Sigmund
  2930 | D:4      | Killed Sigmund
  3202 | D:5      | Entered Level 5 of the Dungeon
  3223 | D:5      | Reached skill level 6 in Axes
  3236 | D:5      | Found a glowing drain.
  3288 | Sewer    | Entered a sewer
  3697 | D:5      | Found Ripil's Magic Scroll Boutique.
  3704 | D:5      | Bought a scroll of identify for 22 gold pieces
  3704 | D:5      | Bought a scroll of identify for 22 gold pieces
  3704 | D:5      | Bought 3 scrolls of identify for 66 gold pieces
  3704 | D:5      | Bought a scroll of identify for 22 gold pieces
  3838 | D:5      | Reached skill level 1 in Dodging
  3871 | D:5      | Reached XP level 8. HP: 32/67 MP: 7/7
  4137 | D:5      | Noticed Ijyb
  4158 | D:5      | Killed Ijyb
  4455 | D:6      | Reached skill level 7 in Axes
  4663 | D:6      | Found a staircase to the Ecumenical Temple.
  4741 | Temple   | Entered the Ecumenical Temple
  4807 | Temple   | Became a worshipper of Warmaster Okawaru
  5292 | D:7      | Found a hide-covered altar of Uskayaw.
  5301 | D:7      | Reached skill level 8 in Axes
  5309 | D:7      | Reached XP level 9. HP: 41/73 MP: 8/8
  5337 | D:6      | Reached * piety under Okawaru
  5337 | D:6      | Reached skill level 5 in Fighting
  5946 | D:7      | Noticed a dagger
  5946 | D:7      | Noticed a hand axe
  6004 | D:7      | Found an ornate altar of the Wu Jian Council.
  6084 | D:7      | Found a radiant altar of Vehumet.
  6168 | D:7      | Reached skill level 5 in Shields
  6190 | D:7      | Found Heez Buhu's Distillery.
  6200 | D:7      | Bought a potion of heal wounds for 65 gold pieces
  6217 | D:7      | Reached skill level 5 in Armour
  6241 | D:7      | Reached skill level 9 in Axes
  6280 | D:7      | Noticed a four-headed hydra
  6565 | D:7      | Killed a four-headed hydra
  6565 | D:7      | Reached ** piety under Okawaru
  6565 | D:7      | Reached skill level 1 in Maces & Flails
  6617 | D:7      | Reached *** piety under Okawaru
  6617 | D:7      | Reached XP level 10. HP: 57/83 MP: 9/9
  7153 | D:8      | Found Mosiara's Jewellery Boutique.
  8681 | D:8      | Reached skill level 10 in Axes
  8801 | D:9      | Noticed Psyche
  8818 | D:9      | Killed Psyche
  8818 | D:9      | Reached **** piety under Okawaru
  9027 | D:8      | HP: 3/84 [killer bee (2)]
 10059 | D:9      | Found a staircase to the Orcish Mines.
 10242 | D:10     | Entered Level 10 of the Dungeon
 10264 | D:10     | Reached XP level 11. HP: 46/91 MP: 10/10
 10412 | D:10     | Reached ***** piety under Okawaru
 10451 | D:10     | Noticed a five-headed hydra
 10461 | D:10     | Killed a five-headed hydra
 10484 | D:10     | Found Wuekuizu's Book Boutique.
 10541 | D:10     | Reached skill level 11 in Axes
 10661 | D:10     | Found a staircase to the Lair.
 11587 | D:11     | Noticed a cyclops
 11605 | D:11     | Killed a cyclops
 11888 | D:11     | Received a gift from Okawaru
 12258 | D:11     | Noticed a cyclops
 12273 | D:11     | Killed a cyclops
 12556 | D:11     | Identified a +0 pair of boots of running (Okawaru gifted it
                  | to you on level 11 of the Dungeon)
 13154 | D:11     | Found a basalt altar of Yredelemnul.
 13454 | D:12     | Reached skill level 12 in Axes
 13607 | D:12     | Noticed a cyclops
 13607 | D:12     | a tarantella changed into a cyclops
 13615 | D:12     | Killed a cyclops
 14061 | D:12     | Reached XP level 12. HP: 95/101 MP: 11/11
 14528 | Lair:1   | Entered Level 1 of the Lair of Beasts
 14610 | Lair:1   | Reached skill level 13 in Axes
 14616 | Lair:1   | Reached ****** piety under Okawaru
 14663 | Lair:1   | Noticed Erica
 14701 | Lair:1   | Killed Erica
 14734 | Lair:1   | Noticed Urug
 14753 | Lair:1   | Slain by Urug

Vault maps used:
D:1:      dpeg_arrival_rhombus, minmay_strange_pillars
D:2:      first_ration, eino_tiny_chamber
D:3:      chequers_ecumenical_altar_island, minmay_checkerbox, uniq_terence
D:4:      enter_ossuary_5, uniq_sigmund, uniq_grinder
D:5:      serial_shops, shop, portal_sewer_entry_a, hangedman_decor_lopped,
          uniq_ijyb
D:6:      minmay_temple_entry_statues_fountains
D:7:      dancing_weapons_uskayaw, serial_shops, shop, basic_altar,
          vehumet_altar_wand_db
D:8:      serial_shops, nicolae_shop_trees, grunt_ogre_cave
D:9:      david_orc_4, uniq_psyche
D:10:     erik_lair_orcish_takeover, serial_shops, shop_fountains,
          serial_bayou_pond_c
D:11:     lemuel_mausoleum_altar_yredelemnul
D:12:     spider_trap, hangedman_abyss_or_decor_passed
Temple:   roderic_octagonal_lattice_temple
Lair:1:   gammafunk_ghost_arena, serial_bayou_pond_a, grunt_megastairs_2,
          uniq_nergalle, uniq_urug, uniq_erica
Sewer:    sewer_fruit_machine
Ossuary:  ossuary_due_pyramid

Skill      XL: |  1  2  3  4  5  6  7  8  9 10 11 12 |
---------------+-------------------------------------+-----
Axes           | 2 3 4 5 6 8 9 10 12 13 | 13.3
Shields        | 3 4 5 6 7 |  7.8
Armour         | 3 4 5 6 7 |  7.9
Fighting       | 4 6 7 8 |  8.7
Dodging        | 1 2 |  2.7
Maces & Flails | 2 |  2.0
Throwing       | |  0.8
Stealth        | |  0.3

Action                   |  1- 3 |  4- 6 |  7- 9 | 10-12 || total
-------------------------+-------+-------+-------+-------++-------
Melee: War axe           |   161 |   233 |   543 |  1084 ||  2021
       Mace              |       |       |    19 |     8 ||    27
Throw: Javelin           |       |       |       |    13 ||    13
  Use: Scroll            |       |    13 |    11 |     6 ||    30
       Potion            |       |       |     5 |     2 ||     7
  Eat: Chunk             |    15 |    17 |    57 |   150 ||   239
Armor: Scale mail        |    51 |       |       |       ||    51
       Chain mail        |    66 |   100 |   390 |   276 ||   832
       Plate armour      |       |       |       |   331 ||   331
Dodge: Dodged            |    62 |    38 |   153 |   268 ||   521
Block: Shield            |   108 |   108 |   345 |   601 ||  1162

Table legend:
 A = Non-vault XP
 B = Vault XP
 C = Vault XP percentage of total XP
 D = Non-vault monster count
 E = Vault monster count
 F = Vault count percentage of total count
                 A         B        C        D         E       F
            +---------+---------+-------+---------+---------+-------
      Total |   21902 |    4209 |  16.1 |     313 |     102 |  24.6
            +---------+---------+-------+---------+---------+-------
        D:1 |      46 |       0 |   0.0 |      27 |       0 |   0.0
        D:2 |      41 |       0 |   0.0 |      12 |       0 |   0.0
        D:3 |      88 |      43 |  32.8 |      17 |       4 |  19.0
        D:4 |     134 |     492 |  78.6 |      10 |       2 |  16.7
        D:5 |     312 |      57 |  15.4 |      15 |       8 |  34.8
        D:6 |    1204 |       0 |   0.0 |      25 |       0 |   0.0
        D:7 |    2348 |       2 |   0.1 |      34 |       1 |   2.9
        D:8 |    1713 |     261 |  13.2 |      37 |       2 |   5.1
        D:9 |    1150 |    1059 |  47.9 |      19 |      16 |  45.7
       D:10 |    3201 |     550 |  14.7 |      35 |       7 |  16.7
       D:11 |    2481 |     752 |  23.3 |      22 |      12 |  35.3
       D:12 |    7061 |       0 |   0.0 |      50 |       0 |   0.0
     Lair:1 |    2123 |     907 |  29.9 |      10 |       1 |   9.1
      Sewer |       0 |      44 | 100.0 |       0 |      19 | 100.0
    Ossuary |       0 |      42 | 100.0 |       0 |      30 | 100.0
            +---------+---------+-------+---------+---------+-------
